 Dungeon Crawl Stone Soup version 0.29.1 (webtiles) character file.

Game seed: 2476176205285251595

748 LabCoat the Chopper (level 7, -2/61 HPs)
             Began as a Hill Orc Fighter on Sept 13, 2022.
             Slain by an orc warrior
             ... wielding a +0 halberd
              (4 damage)
             ... on level 5 of the Dungeon.
             The game lasted 00:11:58 (4288 turns).

LabCoat the Chopper (Hill Orc Fighter)              Turns: 4288, Time: 00:11:58

Health: -2/61      AC: 14    Str: 21    XL:     7   Next: 77%
Magic:  7/7        EV:  6    Int:  8    God:
Gold:   302        SH:  5    Dex: 10    Spells: 6/6 levels left

rFire   + + .      SeeInvis .   a - +1 war axe (vamp)
rCold   + . .      Faith    .   c - +0 buckler
rNeg    + . .      Spirit   .   i - +0 plate armour
rPois   .          Reflect  .   h - +0 helmet
rElec   .          Harm     .   (no cloak)
rCorr   .          Rampage  .   o - +0 pair of gloves
Will    .....                   (no boots)
Stlth   ..........              (no amulet)
HPRegen 0.20/turn               m - ring of the Lumpy Hosts {*Slow rF++ rN+}
MPRegen 0.10/turn               w - ring of protection from cold

@: about to teleport, hasted, very quick
A: no striking features
a: no special abilities


You were on level 5 of the Dungeon.
You visited 1 branch of the dungeon, and saw 6 of its levels.

You collected 302 gold pieces.

Inventory:

Hand Weapons
 a - a +1 vampiric war axe (weapon)
 y - a +1 flail of protection
Missiles
 l - 4 poisoned darts
 n - 4 boomerangs (quivered)
Armour
 c - a +0 buckler (worn)
 h - a +0 helmet (worn)
 i - a +0 plate armour (worn)
 o - a +0 pair of gloves (worn)
Jewellery
 b - a ring of protection from cold
 e - an amulet of faith
 m - the ring of the Lumpy Hosts (left hand) {*Slow rF++ rN+}
   (You found it on level 2 of the Dungeon)

   [ring of positive energy]

   rF:        It greatly protects you from fire.
   rN:        It protects you from negative energy.
   *Slow:     It may slow you when you take damage.
 w - a ring of protection from cold (right hand)
 x - a ring of magical power
Scrolls
 u - a scroll of identify
 v - a scroll of fear {unknown}
Potions
 d - 3 potions of might
 f - a potion of lignification
 j - a potion of flight
 k - a potion of haste
 p - a potion of invisibility {unknown}
 t - a potion of brilliance {unknown}


   Skills:
 + Level 5.5 Fighting
 * Level 7.0 Axes
 + Level 2.3 Throwing
 + Level 5.0 Armour
 + Level 5.0 Shields


You had 6 spell levels left.
You didn't know any spells.
Your spell library contained the following spells:

 Spells                   Type           Power      Damage    Failure   Level
 Summon Guardian Golem    Hex/Summ       0%         N/A       100%        3
 Orb of Destruction       Conj           0%         9d5       100%        7
 Spellforged Servitor     Conj/Summ      0%         N/A       100%        7


Dungeon Overview and Level Annotations

Branches:
Dungeon (6/15)
 Temple: D:4-7

Altars:
Ashenzari
Fedhas
Qazlal
Wu Jian

Shops:
D:5 *

Annotations:
D:5 1 runed translucent door, paps's ghost, weakling OpDe


Message History

Aim: an orc warrior, wielding a +0 halberd and wearing a +0 plate armour (lightly wounded, 59% to hit)
You throw a boomerang.
The boomerang hits the orc warrior but does no damage.
The orc warrior is lightly wounded.
The orc warrior hits you with a +0 halberd.
Things that are here:
a +0 dagger; a +0 robe You hit the orc warrior.
The orc warrior is moderately wounded.
You block the orc warrior's attack.
You barely miss the orc warrior.
The orc warrior is lightly wounded.
You block the orc warrior's attack.
You closely miss the orc warrior.
The orc warrior is lightly wounded.
The orc warrior hits you with a +0 halberd.
You hit the orc warrior but do no damage.
The orc warrior is lightly wounded.
The orc warrior closely misses you.
The orc warrior hits you with a +0 halberd!
You feel better.
The orc warrior hits you with a +0 halberd!
You barely miss the orc warrior.
The orc warrior is lightly wounded.
You block the orc warrior's attack.
You hit the orc warrior but do no damage.
The orc warrior is lightly wounded.
The orc warrior hits you but does no damage.
You barely miss the orc warrior.
The orc warrior is lightly wounded.
The orc warrior hits you with a +0 halberd!
* * * LOW HITPOINT WARNING * * *
Okay, then.
As you read the scroll of teleportation, it crumbles to dust.
You feel strangely unstable.
The orc warrior hits you with a +0 halberd!
* * * LOW HITPOINT WARNING * * *
You feel yourself speed up. You block the orc warrior's attack.
The orc warrior hits you from afar with a +0 halberd.
You die...

. ..#+##### ........#
........########
...............#
......o........#
......)))......+
..#+####@......#
#........ #........
#........ #........
###........
########+###+#......####
.............#......#
.............#......#


You could see an orc warrior.

Vanquished Creatures
  2 black bears (D:5)
  A necrophage (D:4)
  A scorpion (D:5)
  A hound (D:5)
  2 orc priests (D:5)
  A jelly (D:5)
  An iguana (D:5)
  2 orc wizards (D:5)
  Robin (D:2)
  8 gnolls
  5 adders
  An ufetubus (D:4)
  A worm (D:3)
  4 dart slugs
  8 orcs
  9 ball pythons
  9 bats
  7 endoplasms
  7 giant cockroaches
  13 hobgoblins
  4 jackals (D:1)
  3 quokkas
  4 frilled lizards
  11 goblins
  9 kobolds
  6 rats
121 creatures vanquished.

Vanquished Creatures (others)
  An orc wizard (D:5)
1 creature vanquished.

Grand Total: 122 creatures vanquished

Notes
Turn   | Place    | Note
-------+----------+-------------------------------------------
     0 | D:1      | LabCoat the Hill Orc Fighter began the quest for the Orb.
     0 | D:1      | Reached XP level 1. HP: 19/19 MP: 1/1
    27 | D:1      | Reached skill level 3 in Axes
    28 | D:1      | Reached XP level 2. HP: 16/27 MP: 2/2
   368 | D:1      | Reached XP level 3. HP: 33/33 MP: 3/3
   715 | D:1      | Found a faded altar of an unknown god.
  1024 | D:2      | Reached skill level 4 in Axes
  1133 | D:2      | Reached XP level 4. HP: 39/40 MP: 4/4
  1172 | D:2      | Noticed Robin
  1196 | D:2      | Killed Robin
  1363 | D:2      | Identified the ring of the Lumpy Hosts {*Slow rF++ rN+}
  2169 | D:3      | Reached XP level 5. HP: 47/47 MP: 5/5
  2475 | D:3      | Reached skill level 5 in Axes
  2764 | D:4      | Reached skill level 1 in Throwing
  2764 | D:4      | Reached XP level 6. HP: 55/55 MP: 6/6
  2806 | D:4      | Found a blossoming altar of Fedhas.
  3060 | D:4      | Found an ornate altar of the Wu Jian Council.
  3321 | D:4      | Found a stormy altar of Qazlal.
  3654 | D:5      | Entered Level 5 of the Dungeon
  3670 | D:5      | You fall into a shaft and drop 1 floor!
  3675 | D:5      | Noticed a black bear
  3688 | D:5      | Killed a black bear
  3689 | D:5      | Reached skill level 5 in Fighting
  3689 | D:5      | Reached skill level 6 in Axes
  3711 | D:5      | Found a broken altar of Ashenzari.
  3718 | D:5      | Found Mutrydet's Gadget Gallery.
  3734 | D:5      | Reached XP level 7. HP: 56/61 MP: 7/7
  3918 | D:5      | Found a runed translucent door.
  3918 | D:5      | Noticed paps's ghost (weakling OpDe)
  4239 | D:5      | Reached skill level 5 in Shields
  4252 | D:5      | Reached skill level 7 in Axes
  4252 | D:5      | Reached skill level 5 in Armour
  4286 | D:5      | HP: 2/61 [orc warrior/+0 halberd (9)]
  4288 | D:5      | Slain by an orc warrior

Illustrated notes

Levels and vault maps discovered:
D:1:      spicycebolla_green_bress_n_ham_2, layout_basic,
          chequers_ecumenical_altar_simple, serial_park_tiny_2
D:2:      layout_loops_corners, minmay_crystal_room, uniq_robin
D:3:      layout_rooms
D:4:      layout_layer_cave, mainiacjoe_overflow_surrounded_room,
          nicolae_wu_jian_immortal_techniques, mainiacjoe_overflow_24_doors
D:5:      layout_gridville, ashenzari_conservatory_becter,
          gammafunk_ghost_grave, nicolae_shop_gadgets
D:6:      layout_loops_corners, nicolae_sif_muna_condensation,
          fiery_altar_vehumet, grunt_potential

Skill      XL: |  1  2  3  4  5  6  7 |
---------------+----------------------+-----
Axes           | 3 4 5 6 7 |  7.0
Fighting       | 4 5 |  5.5
Armour         | 4 5 |  5.0
Shields        | 4 5 |  5.0
Throwing       | 1 2 |  2.3

Action                   |  1- 3 |  4- 6 |  7- 9 || total
-------------------------+-------+-------+-------++-------
Melee: War axe           |    79 |   140 |    65 ||   284
Throw: Boomerang         |       |    33 |    11 ||    44
       Dart              |       |     2 |       ||     2
  Use: Scroll            |     2 |     9 |     1 ||    12
       Potion            |       |       |     4 ||     4
Armor: Scale mail        |    13 |       |       ||    13
       Plate armour      |    41 |   102 |    42 ||   185
Dodge: Dodged            |    35 |    37 |    26 ||    98
Block: Buckler           |    22 |    35 |    18 ||    75
